 Dungeon Sprint DCSS version 0.29-a0-459-g97dee8cd24 (webtiles) character file.

Game seed: 2911206799293600808

223 mhtbhm the Slicer (level 6, -1/67 HPs)
             Began as a Kobold Berserker on May 20, 2022.
             Was a Priest of Trog.
             Succumbed to a scorpion's poison
             ... in the Dungeon (Sprint IV: "Fedhas' Mad Dash").
             The game lasted 00:00:57 (513 turns).

mhtbhm the Slicer (Kobold Berserker)                 Turns: 513, Time: 00:00:58

Health: -1/67      AC:  2    Str: 16    XL:     6   Next: 20%
Magic:  6/6        EV: 16    Int:  9    God:    Trog [***...]
Gold:   48         SH:  0    Dex: 14    Spells: 5/5 levels left

rFire   . . .      SeeInvis .   a - +0 short sword
rCold   . . .      Faith    .   (no shield)
rNeg    . . .      Spirit   .   b - +0 animal skin
rPois   .          Reflect  .   (no helmet)
rElec   .          Harm     .   (no cloak)
rCorr   .          Rampage  .   (no gloves)
Will    .....      NoTele   +   (no boots)
Stlth   ..........              i - amulet of invisibility {+Inv}
HPRegen 0.21/turn               (no ring)
MPRegen 0.10/turn               (no ring)

@: berserking (expiring), lethally poisoned (-1 -> -10), very quick
A: small, no large weapons, nightstalker 3
a: Renounce Religion, Evoke Invisibility, Berserk, Trog's Hand


You were in the Dungeon.
You worshipped Trog.
Trog was most pleased with you.
You visited 1 branch You collected 48 gold pieces.

Inventory:

Hand Weapons
 a - a +0 short sword (weapon)
Armour
 b - a +0 animal skin (worn)
Jewellery
 i - the amulet of invisibility (around neck) {+Inv}
   (You found it in the Dungeon)

   [amulet of nothing]

   +Inv:      It lets you turn invisible.
Scrolls
 h - a scroll of blinking
 j - a scroll of identify {unknown}
Potions
 c - a potion of curing
 d - 2 potions of heal wounds
 e - a potion of haste
 f - 2 potions of magic
 g - a potion of berserk rage


   Skills:
 + Level 8.3 Fighting
 + Level 10.2 Short Blades
 + Level 3.5 Armour
 + Level 5.1 Dodging
 + Level 3.4 Stealth
 + Level 1.2 Evocations


You had 5 spell levels left.
You didn't know any spells.
Your spell library was empty.

Dungeon Overview and Level Annotations

Branches:
Dungeon (1/1)

Altars:
Cheibriados
Dithmenos
Elyvilon
Gozag
Hepliaklqana
Kikubaaqudgha
Makhleb
Nemelex Xobeh
Okawaru
Qazlal
Ru
Sif Muna
Trog
Uskayaw
Vehumet
Wu Jian
Xom
Yredelemnul
Zin
The Shining One
Beogh
Jiyva
Lugonu


Innate Abilities, Weirdness & Mutations

You are small and have problems with some larger weapons.
You are completely attuned to the shadows.


Message History

The spriggan blocks your attack.
The spriggan is heavily wounded.
The spriggan hits you with a +0 dagger!
* * * LOW HITPOINT WARNING * * *
The spriggan hits you with a +0 dagger.
* * * LOW HITPOINT WARNING * * *
You hit the spriggan.
The spriggan is almost dead.
Unknown command.
The spriggan blocks your attack.
The spriggan is almost dead.
The spriggan closely misses you. The spriggan misses you.
You hit the spriggan.
You kill the spriggan!
Trog accepts your kill.
Your Fighting skill increases to level 8!
Your Short Blades skill increases to level 10!
Your Dodging skill increases to level 5!
You have reached level 6!
You hit the spriggan but do no damage. You completely miss the spriggan.
The spriggan hits you with a +0 dagger.
* * * LOW HITPOINT WARNING * * *
Unknown command.
You hit the spriggan.
The spriggan is severely wounded.
You puncture the spriggan!
You kill the spriggan!
Trog accepts your kill.
The scorpion stings you but does no damage.
There is an open door, spattered with blood here.
Things that are here:
a +0 dagger; a +0 robe You hit the scorpion.
The scorpion is moderately wounded.
The scorpion stings you.
* * * LOW HITPOINT WARNING * * *
You are lethally poisoned!
The scorpion poisons you!
Unknown command.
You die...

######################
#.⌠._._._._.⌠.#.@)s..#
'.._._._._._..'.)#$.$#
#..._._._._...#..###+#
#.._._._._._..#..#
#._._._._._.⌠.####
###############


You could see a scorpion.

Vanquished Creatures
  A scorpion (D)
  3 oklob saplings (D)
  2 spriggans (D)
  A river rat (D)
  A rat (D)
8 creatures vanquished.

Notes
Turn   | Place    | Note
-------+----------+-------------------------------------------
     0 | D        | mhtbhm the Kobold Berserker began the quest for the Orb.
     0 | D        | Reached XP level 1. HP: 14/14 MP: 1/1
    27 | D        | Reached skill level 5 in Short Blades
    27 | D        | Reached XP level 2. HP: 20/20 MP: 2/2
   177 | D        | Noticed an oklob sapling
   178 | D        | Killed an oklob sapling
   178 | D        | Reached ** piety under Trog
   179 | D        | Reached skill level 5 in Fighting
   179 | D        | Reached skill level 6 in Short Blades
   179 | D        | Reached XP level 3. HP: 26/26 MP: 3/3
   222 | D        | Noticed a scorpion
   222 | D        | Found the amulet of invisibility {+Inv}
   227 | D        | Killed a scorpion
   228 | D        | Reached skill level 8 in Short Blades
   228 | D        | Reached skill level 1 in Stealth
   228 | D        | Reached XP level 4. HP: 32/32 MP: 4/4
   280 | D        | Found an opulent altar of Gozag.
   280 | D        | Found a sacrificial altar of Ru.
   281 | D        | Found a burning altar of Makhleb.
   281 | D        | Found an ornate altar of the Wu Jian Council.
   281 | D        | Found a shimmering altar of Xom.
   282 | D        | Found a hazy altar of Hepliaklqana.
   282 | D        | Found a shimmering blue altar of Sif Muna.
   283 | D        | Found a sparkling altar of Nemelex Xobeh.
   283 | D        | Found a snail-covered altar of Cheibriados.
   283 | D        | Found a basalt altar of Yredelemnul.
   284 | D        | Found a viscous altar of Jiyva.
   284 | D        | Found a bloodstained altar of Trog.
   284 | D        | Noticed an oklob sapling priest
   285 | D        | Found an iron altar of Okawaru.
   285 | D        | Found a shadowy altar of Dithmenos.
   285 | D        | Found a glowing silver altar of Zin.
   286 | D        | Found an ancient bone altar of Kikubaaqudgha.
   286 | D        | Found a hide-covered altar of Uskayaw.
   287 | D        | Found a stormy altar of Qazlal.
   287 | D        | Found a white marble altar of Elyvilon.
   287 | D        | Found a glowing golden altar of the Shining One.
   291 | D        | Killed an oklob sapling priest
   292 | D        | Reached skill level 9 in Short Blades
   292 | D        | Reached XP level 5. HP: 38/38 MP: 3/5
   292 | D        | Found a corrupted altar of Lugonu.
   292 | D        | Found a radiant altar of Vehumet.
   344 | D        | Reached skill level 1 in Evocations
   506 | D        | Reached *** piety under Trog
   507 | D        | Reached skill level 10 in Short Blades
   507 | D        | Reached skill level 5 in Dodging
   507 | D        | Reached XP level 6. HP: 7/44 MP: 6/6
   508 | D        | HP: 2/66 [spriggan/+0 dagger (6)]
   513 | D        | Succumbed to a scorpion's poison

Illustrated notes

Levels and vault maps discovered:
D:        dungeon_sprint_fedhas [sprint_temple]

Skill      XL: |  1  2  3  4  5 |
---------------+----------------+-----
Fighting       | 4 5 6 7 8 |  8.3
Short Blades   | 5 6 8 9 10 | 10.2
Armour         | 2 3 |  3.5
Dodging        | 3 4 5 |  5.1
Stealth        | 1 2 3 |  3.4
Evocations     | 1 |  1.2

Action                   |  1- 3 |  4- 6 || total
-------------------------+-------+-------++-------
Melee: Short sword       |    10 |    25 ||    35
Invok: Berserk           |     3 |     3 ||     6
 Abil: Evoke Invisibilit |       |     1 ||     1
 Stab: Sleeping          |     1 |       ||     1
Armor: Animal skin       |     1 |     1 ||     2
Dodge: Dodged            |     6 |     4 ||    10

Table legend: (Time is in decaauts)
 A = Elapsed time spent in this place.
 B = Non-inter-level travel time spent in this place.
 C = Inter-level travel time spent in this place.
 D = Time resting spent in this place.
 E = Time spent auto-exploring this place.
 F = Levels seen in this place.
 G = Mean time per level.
                   A        B        C        D        E       F      G
               +--------+--------+--------+--------+--------+-----+--------+
         Total |    551 |    551 |      0 |    437 |      4 |   1 |  551.0 |
       Dungeon |    551 |    551 |      0 |    437 |      4 |   1 |  551.0 |
               +--------+--------+--------+--------+--------+-----+--------+

Top non-repeatable levels by time:
       D: 551 daAuts
